[ PARTIDA AOE2 · #478183847 ]
UnrankedShu vs Persians
[ ANÁLISIS DE REPETICIÓN · EXTRAÍDO DE LA PARTIDA GRABADA ]
Feudal
9:17
Castillos
23:31
Imperial
—
| APM promedio | 32.7 |
| APM pico | 53 |
| eAPM promedio | 14.8 |
| Aldeanos / militares | 45 / 82 |
Foco
⚔️ 44.5% · 🌾 55.5%
Archer ×80 · Spearman ×2
Feudal
8:50
Castillos
19:22
Imperial
—
| APM promedio | 54.4 |
| APM pico | 97 |
| eAPM promedio | 19.8 |
| Aldeanos / militares | 80 / 38 |
Foco
⚔️ 24.9% · 🌾 75.1%
Knight ×27 · Scout Cavalry ×10 · Spearman ×1
Feudal
9:26
Castillos
21:22
Imperial
—
| APM promedio | 62.7 |
| APM pico | 95 |
| eAPM promedio | 22.1 |
| Aldeanos / militares | 80 / 38 |
Foco
⚔️ 15.4% · 🌾 84.6%
Knight ×29 · Scout Cavalry ×6 · Spearman ×3
Feudal
8:29
Castillos
23:21
Imperial
—
| APM promedio | 50.7 |
| APM pico | 83 |
| eAPM promedio | 21.6 |
| Aldeanos / militares | 48 / 48 |
Foco
⚔️ 34.4% · 🌾 65.6%
Cavalry Archer ×23 · Skirmisher ×12 · Spearman ×9 · Scout Cavalry ×4
Mapa de la partida
Recursos iniciales + cada clic de construcción. Líneas = muros · curvas = relieve. ◆ oro · ⬟ piedra · ● bayas · ✦ reliquia · ◌ hueco del cierre
Tu base· ✓ Cerrada en 23:31 · 33t muro · sin puerta
Base de yoooo147· ✓ Cerrada en 19:22 · 41t muro · 1 puerta(s)
Base de flem· ✓ Cerrada en 21:22 · 37t muro · 1 puerta(s)
Base de MAVERICK· ✓ Cerrada en 23:21 · 11t muro · 1 puerta(s)
Terreno inicial suavizado · ◌ = hueco del cierre detectado · pasá el cursor para detalles
Inputs por minuto
— villersb - - yoooo147
Build order — villersb
Primeras 150 de 206 acciones detectadas
| 0:00 | Crear | Villager (Male) |
| 0:01 | Crear | Villager (Male) |
| 0:01 | Crear | Villager (Male) |
| 0:01 | Crear | Villager (Male) |
| 0:02 | Construir | House |
| 0:04 | Construir | House |
| 1:31 | Crear | Villager (Male) |
| 1:44 | Construir | Lumber Camp |
| 1:58 | Crear | Villager (Male) |
| 2:29 | Crear | Villager (Male) |
| 2:45 | Crear | Villager (Male) |
| 3:22 | Crear | Villager (Male) |
| 3:39 | Construir | House |
| 3:44 | Crear | Villager (Male) |
| 3:58 | Crear | Villager (Male) |
| 4:24 | Crear | Villager (Male) |
| 4:55 | Crear | Villager (Male) |
| 5:17 | Construir | Mining Camp |
| 5:22 | Crear | Villager (Male) |
| 5:29 | Crear | Villager (Male) |
| 6:02 | Crear | Villager (Male) |
| 6:15 | Investigar | Loom |
| 6:54 | Investigar | Feudal Age |
| 7:22 | Construir | House |
| 8:04 | Construir | Barracks |
| 8:16 | Crear | Villager (Male) |
| 8:26 | Construir | Palisade Wall |
| 8:27 | Construir | Palisade Wall |
| 9:17 | Edad | Edad Feudal |
| 9:20 | Construir | Archery Range |
| 9:24 | Construir | Archery Range |
| 9:35 | Crear | Villager (Male) |
| 10:04 | Construir | House |
| 10:05 | Crear | Villager (Male) |
| 10:08 | Investigar | Double-Bit Axe |
| 10:13 | Crear | Archer |
| 10:21 | Crear | Villager (Male) |
| 10:33 | Crear | Spearman |
| 10:40 | Crear | Archer |
| 10:45 | Crear | Archer |
| 11:17 | Crear | Archer |
| 11:17 | Crear | Archer |
| 11:24 | Construir | Blacksmith |
| 11:26 | Crear | Spearman |
| 11:50 | Crear | Archer |
| 12:03 | Construir | House |
| 12:08 | Crear | Archer |
| 12:08 | Crear | Archer |
| 12:12 | Construir | Mill |
| 12:21 | Crear | Villager (Male) |
| 12:26 | Crear | Archer |
| 12:48 | Construir | Palisade Wall |
| 13:02 | Construir | House |
| 13:03 | Crear | Archer |
| 13:03 | Crear | Archer |
| 13:07 | Investigar | Fletching |
| 13:28 | Crear | Villager (Male) |
| 13:37 | Construir | House |
| 13:39 | Construir | Palisade Wall |
| 13:42 | Crear | Archer |
| 13:47 | Construir | Palisade Wall |
| 13:55 | Crear | Archer |
| 14:10 | Construir | Palisade Wall |
| 14:16 | Crear | Archer |
| 14:26 | Crear | Villager (Male) |
| 14:39 | Construir | House |
| 14:42 | Construir | House |
| 14:48 | Crear | Villager (Male) |
| 15:03 | Construir | House |
| 15:04 | Construir | Palisade Wall |
| 15:10 | Construir | House |
| 15:11 | Construir | Palisade Wall |
| 15:16 | Crear | Villager (Male) |
| 15:24 | Construir | Palisade Wall |
| 15:28 | Crear | Archer |
| 15:29 | Crear | Archer |
| 15:29 | Crear | Archer |
| 15:37 | Construir | Farm |
| 15:39 | Construir | Farm |
| 15:41 | Construir | Farm |
| 15:42 | Construir | Farm |
| 15:44 | Crear | Villager (Male) |
| 16:01 | Crear | Villager (Male) |
| 16:02 | Crear | Archer |
| 16:08 | Construir | Farm |
| 16:12 | Crear | Archer |
| 16:12 | Crear | Archer |
| 16:28 | Crear | Villager (Male) |
| 16:34 | Construir | Palisade Wall |
| 16:37 | Crear | Archer |
| 16:40 | Construir | Farm |
| 16:47 | Construir | Farm |
| 16:51 | Crear | Archer |
| 16:51 | Crear | Archer |
| 17:04 | Crear | Villager (Male) |
| 17:05 | Crear | Archer |
| 17:17 | Crear | Villager (Male) |
| 17:18 | Crear | Archer |
| 17:22 | Construir | Farm |
| 17:23 | Construir | Farm |
| 17:34 | Crear | Archer |
| 17:34 | Crear | Archer |
| 17:54 | Crear | Archer |
| 18:01 | Construir | Farm |
| 18:02 | Crear | Villager (Male) |
| 18:10 | Crear | Villager (Male) |
| 18:11 | Crear | Archer |
| 18:20 | Construir | Market |
| 18:26 | Crear | Archer |
| 18:26 | Crear | Archer |
| 18:55 | Crear | Archer |
| 18:56 | Crear | Villager (Male) |
| 18:57 | Crear | Archer |
| 19:06 | Crear | Archer |
| 19:11 | Crear | Villager (Male) |
| 19:18 | Construir | House |
| 19:21 | Crear | Archer |
| 19:33 | Crear | Archer |
| 19:33 | Crear | Archer |
| 20:12 | Crear | Archer |
| 20:12 | Crear | Archer |
| 20:51 | Investigar | Castle Age |
| 20:56 | Construir | Archery Range |
| 21:17 | Construir | Lumber Camp |
| 21:22 | Investigar | Gold Mining |
| 21:25 | Crear | Archer |
| 21:25 | Crear | Archer |
| 21:39 | Crear | Archer |
| 21:39 | Crear | Archer |
| 21:59 | Construir | Lumber Camp |
| 22:14 | Construir | House |
| 22:22 | Crear | Archer |
| 22:38 | Crear | Archer |
| 22:57 | Construir | House |
| 23:05 | Crear | Archer |
| 23:05 | Crear | Villager (Male) |
| 23:31 | Edad | Edad de los Castillos |
| 23:33 | Investigar | Bodkin Arrow |
| 23:34 | Investigar | Crossbowman (upgrade) |
| 23:39 | Construir | University |
| 23:41 | Investigar | Bow Saw |
| 23:42 | Crear | Villager (Male) |
| 23:44 | Crear | Archer |
| 23:44 | Crear | Archer |
| 23:48 | Construir | House |
| 24:11 | Construir | Palisade Gate |
| 24:13 | Crear | Archer |
| 24:13 | Crear | Archer |
| 24:28 | Crear | Villager (Male) |
| 24:28 | Crear | Villager (Male) |
Build order — yoooo147
Primeras 150 de 213 acciones detectadas
| 0:01 | Crear | Villager (Male) |
| 0:01 | Crear | Villager (Male) |
| 0:01 | Crear | Villager (Male) |
| 0:02 | Construir | House |
| 0:04 | Construir | House |
| 0:15 | Crear | Villager (Male) |
| 0:16 | Crear | Villager (Male) |
| 1:20 | Crear | Villager (Male) |
| 1:54 | Crear | Villager (Male) |
| 2:25 | Construir | Lumber Camp |
| 2:55 | Crear | Villager (Male) |
| 3:22 | Crear | Villager (Male) |
| 3:38 | Crear | Villager (Male) |
| 3:55 | Construir | House |
| 4:05 | Crear | Villager (Male) |
| 4:18 | Construir | Mill |
| 4:34 | Crear | Villager (Male) |
| 4:43 | Crear | Villager (Male) |
| 5:22 | Crear | Villager (Male) |
| 5:25 | Investigar | Loom |
| 5:27 | Crear | Villager (Male) |
| 5:33 | Investigar | Loom |
| 5:36 | Crear | Villager (Male) |
| 5:40 | Crear | Villager (Male) |
| 6:45 | Investigar | Feudal Age |
| 6:45 | Investigar | Feudal Age |
| 7:36 | Construir | Barracks |
| 7:42 | Crear | Villager (Male) |
| 8:09 | Construir | House |
| 8:19 | Crear | Villager (Male) |
| 8:50 | Edad | Edad Feudal |
| 8:55 | Construir | Stable |
| 8:59 | Crear | Villager (Male) |
| 9:09 | Crear | Villager (Male) |
| 9:14 | Investigar | Double-Bit Axe |
| 9:14 | Investigar | Double-Bit Axe |
| 9:28 | Crear | Villager (Male) |
| 9:37 | Crear | Scout Cavalry |
| 9:37 | Crear | Scout Cavalry |
| 9:37 | Crear | Scout Cavalry |
| 9:39 | Construir | House |
| 9:48 | Construir | Palisade Wall |
| 9:56 | Crear | Spearman |
| 9:58 | Crear | Villager (Male) |
| 10:05 | Crear | Villager (Male) |
| 10:12 | Construir | House |
| 10:22 | Construir | Palisade Wall |
| 10:36 | Crear | Villager (Male) |
| 10:56 | Crear | Villager (Male) |
| 10:59 | Construir | Farm |
| 11:00 | Construir | Farm |
| 11:02 | Construir | House |
| 11:07 | Construir | Palisade Wall |
| 11:13 | Construir | House |
| 11:16 | Construir | Palisade Wall |
| 11:17 | Crear | Scout Cavalry |
| 11:25 | Crear | Villager (Male) |
| 11:36 | Construir | Farm |
| 11:39 | Construir | Farm |
| 11:42 | Crear | Scout Cavalry |
| 11:58 | Crear | Villager (Male) |
| 12:28 | Crear | Villager (Male) |
| 12:30 | Construir | Farm |
| 12:42 | Crear | Villager (Male) |
| 12:49 | Construir | Palisade Wall |
| 12:52 | Construir | House |
| 12:54 | Construir | Palisade Wall |
| 12:57 | Crear | Villager (Male) |
| 12:58 | Construir | Farm |
| 12:59 | Construir | Farm |
| 13:01 | Construir | Farm |
| 13:10 | Crear | Villager (Male) |
| 13:13 | Construir | Farm |
| 13:13 | Crear | Villager (Male) |
| 13:32 | Construir | House |
| 13:33 | Crear | Villager (Male) |
| 13:36 | Construir | Farm |
| 13:36 | Crear | Villager (Male) |
| 13:42 | Crear | Villager (Male) |
| 13:51 | Crear | Villager (Male) |
| 13:54 | Construir | Farm |
| 14:03 | Crear | Villager (Male) |
| 14:06 | Construir | Farm |
| 14:08 | Construir | Farm |
| 14:14 | Crear | Villager (Male) |
| 14:21 | Construir | Farm |
| 14:38 | Crear | Villager (Male) |
| 14:43 | Crear | Villager (Male) |
| 14:46 | Construir | Mining Camp |
| 14:47 | Crear | Villager (Male) |
| 14:55 | Construir | Palisade Gate |
| 15:04 | Crear | Villager (Male) |
| 15:11 | Construir | Farm |
| 15:50 | Investigar | Horse Collar |
| 15:52 | Crear | Villager (Male) |
| 16:22 | Construir | Blacksmith |
| 16:26 | Crear | Villager (Male) |
| 16:56 | Investigar | Castle Age |
| 16:57 | Investigar | Castle Age |
| 17:25 | Construir | Stable |
| 17:36 | Crear | Villager (Male) |
| 17:37 | Construir | Farm |
| 17:59 | Investigar | Bloodlines |
| 17:59 | Investigar | Bloodlines |
| 18:01 | Investigar | Forging |
| 18:01 | Investigar | Forging |
| 18:04 | Investigar | Scale Barding Armor |
| 18:05 | Investigar | Scale Barding Armor |
| 18:12 | Construir | Farm |
| 18:13 | Construir | Farm |
| 18:18 | Investigar | Gold Mining |
| 18:18 | Investigar | Gold Mining |
| 18:30 | Construir | House |
| 18:40 | Construir | House |
| 18:52 | Crear | Scout Cavalry |
| 18:53 | Crear | Scout Cavalry |
| 19:22 | Edad | Edad de los Castillos |
| 19:24 | Crear | Knight |
| 19:24 | Crear | Knight |
| 19:26 | Crear | Knight |
| 19:26 | Crear | Knight |
| 19:57 | Crear | Knight |
| 19:59 | Crear | Knight |
| 20:34 | Crear | Villager (Male) |
| 20:35 | Crear | Villager (Male) |
| 20:38 | Investigar | Bow Saw |
| 20:38 | Investigar | Bow Saw |
| 20:55 | Construir | House |
| 21:09 | Crear | Villager (Male) |
| 21:12 | Construir | Farm |
| 21:24 | Construir | Town Center |
| 21:30 | Crear | Knight |
| 21:30 | Crear | Knight |
| 21:36 | Investigar | Forging |
| 21:36 | Investigar | Forging |
| 21:42 | Crear | Villager (Male) |
| 21:51 | Crear | Scout Cavalry |
| 21:55 | Crear | Knight |
| 21:55 | Crear | Knight |
| 22:06 | Crear | Villager (Male) |
| 22:08 | Crear | Scout Cavalry |
| 22:09 | Crear | Scout Cavalry |
| 22:19 | Crear | Knight |
| 22:19 | Crear | Knight |
| 22:40 | Crear | Villager (Male) |
| 22:42 | Crear | Villager (Male) |
| 22:44 | Construir | Farm |
| 22:53 | Crear | Knight |
| 22:54 | Crear | Knight |
| 23:11 | Crear | Villager (Male) |
Build order — flem
Primeras 150 de 206 acciones detectadas
| 0:00 | Crear | Villager (Male) |
| 0:01 | Crear | Villager (Male) |
| 0:01 | Crear | Villager (Male) |
| 0:01 | Crear | Villager (Male) |
| 0:01 | Crear | Villager (Male) |
| 0:02 | Construir | House |
| 0:03 | Construir | House |
| 1:38 | Crear | Villager (Male) |
| 1:39 | Crear | Villager (Male) |
| 1:46 | Construir | Lumber Camp |
| 1:55 | Crear | Villager (Male) |
| 2:25 | Crear | Villager (Male) |
| 2:25 | Crear | Villager (Male) |
| 2:49 | Crear | Villager (Male) |
| 3:08 | Crear | Villager (Male) |
| 3:49 | Crear | Villager (Male) |
| 3:53 | Construir | House |
| 4:11 | Crear | Villager (Male) |
| 4:23 | Crear | Villager (Male) |
| 4:48 | Construir | House |
| 4:59 | Crear | Villager (Male) |
| 5:28 | Crear | Villager (Male) |
| 5:29 | Crear | Villager (Male) |
| 5:35 | Construir | Mill |
| 5:49 | Crear | Villager (Male) |
| 5:54 | Investigar | Loom |
| 7:16 | Investigar | Feudal Age |
| 7:59 | Construir | Barracks |
| 8:46 | Construir | Palisade Gate |
| 8:50 | Crear | Villager (Male) |
| 8:59 | Construir | House |
| 9:20 | Construir | House |
| 9:26 | Edad | Edad Feudal |
| 9:32 | Construir | Stable |
| 9:36 | Construir | House |
| 9:40 | Crear | Villager (Male) |
| 9:42 | Investigar | Double-Bit Axe |
| 10:02 | Construir | Palisade Wall |
| 10:03 | Crear | Spearman |
| 10:06 | Crear | Villager (Male) |
| 10:26 | Construir | Palisade Wall |
| 10:36 | Crear | Spearman |
| 10:41 | Crear | Scout Cavalry |
| 10:43 | Crear | Villager (Male) |
| 10:52 | Construir | Palisade Wall |
| 10:56 | Construir | Palisade Wall |
| 11:03 | Crear | Villager (Male) |
| 11:03 | Crear | Scout Cavalry |
| 11:15 | Construir | Farm |
| 11:17 | Construir | Farm |
| 11:27 | Crear | Villager (Male) |
| 11:28 | Crear | Scout Cavalry |
| 11:57 | Crear | Villager (Male) |
| 12:12 | Crear | Villager (Male) |
| 12:15 | Construir | Farm |
| 12:16 | Construir | Farm |
| 12:17 | Construir | Farm |
| 12:26 | Construir | Farm |
| 12:37 | Crear | Scout Cavalry |
| 12:42 | Construir | Farm |
| 12:56 | Crear | Villager (Male) |
| 13:10 | Construir | Farm |
| 13:18 | Crear | Spearman |
| 13:19 | Crear | Villager (Male) |
| 13:33 | Construir | House |
| 13:46 | Construir | Mining Camp |
| 13:49 | Crear | Villager (Male) |
| 14:07 | Construir | Farm |
| 14:13 | Crear | Villager (Male) |
| 14:23 | Crear | Villager (Male) |
| 14:26 | Construir | Farm |
| 14:30 | Construir | Farm |
| 14:32 | Crear | Scout Cavalry |
| 14:41 | Crear | Scout Cavalry |
| 14:49 | Construir | House |
| 14:51 | Construir | House |
| 14:59 | Construir | Farm |
| 15:11 | Construir | Farm |
| 15:16 | Crear | Villager (Male) |
| 15:18 | Construir | House |
| 15:21 | Construir | House |
| 15:26 | Crear | Villager (Male) |
| 15:33 | Construir | Farm |
| 15:44 | Crear | Villager (Male) |
| 16:12 | Crear | Villager (Male) |
| 16:39 | Construir | Blacksmith |
| 16:47 | Crear | Villager (Male) |
| 16:52 | Construir | Lumber Camp |
| 16:57 | Construir | Farm |
| 17:11 | Construir | Farm |
| 17:14 | Crear | Villager (Male) |
| 17:46 | Crear | Villager (Male) |
| 18:03 | Crear | Villager (Male) |
| 18:14 | Construir | Stable |
| 18:27 | Construir | Stable |
| 18:38 | Crear | Villager (Male) |
| 18:41 | Investigar | Castle Age |
| 19:14 | Construir | Farm |
| 19:16 | Construir | Farm |
| 19:59 | Investigar | Scale Barding Armor |
| 20:00 | Investigar | Forging |
| 20:03 | Construir | Farm |
| 20:24 | Construir | Farm |
| 20:26 | Construir | Farm |
| 20:36 | Construir | Stable |
| 21:22 | Edad | Edad de los Castillos |
| 21:25 | Crear | Knight |
| 21:25 | Crear | Knight |
| 21:28 | Investigar | Chain Barding Armor |
| 21:30 | Crear | Knight |
| 21:32 | Crear | Villager (Male) |
| 21:38 | Construir | Town Center |
| 21:46 | Construir | Town Center |
| 21:48 | Investigar | Bow Saw |
| 22:03 | Crear | Knight |
| 22:34 | Crear | Knight |
| 22:35 | Crear | Villager (Male) |
| 22:36 | Crear | Villager (Male) |
| 22:37 | Crear | Villager (Male) |
| 23:02 | Crear | Knight |
| 23:20 | Crear | Villager (Male) |
| 23:21 | Crear | Villager (Male) |
| 23:21 | Crear | Villager (Male) |
| 23:22 | Crear | Villager (Male) |
| 23:33 | Crear | Knight |
| 23:33 | Crear | Knight |
| 23:52 | Crear | Knight |
| 23:55 | Crear | Villager (Male) |
| 23:55 | Crear | Villager (Male) |
| 23:56 | Crear | Villager (Male) |
| 24:09 | Crear | Knight |
| 24:27 | Construir | House |
| 24:35 | Construir | Mining Camp |
| 24:43 | Construir | Palisade Gate |
| 24:51 | Crear | Knight |
| 24:51 | Crear | Knight |
| 24:52 | Crear | Villager (Male) |
| 24:52 | Crear | Villager (Male) |
| 24:53 | Crear | Villager (Male) |
| 24:53 | Crear | Villager (Male) |
| 24:55 | Construir | Farm |
| 24:58 | Construir | Farm |
| 25:15 | Crear | Knight |
| 25:15 | Crear | Knight |
| 25:20 | Construir | House |
| 25:23 | Construir | Farm |
| 25:25 | Construir | Farm |
| 25:26 | Construir | Farm |
| 25:31 | Crear | Villager (Male) |
| 25:31 | Crear | Villager (Male) |
Build order — MAVERICK
Primeras 150 de 185 acciones detectadas
| 0:02 | Crear | Villager (Male) |
| 0:02 | Crear | Villager (Male) |
| 0:02 | Crear | Villager (Male) |
| 0:03 | Crear | Villager (Male) |
| 0:04 | Construir | House |
| 0:06 | Construir | House |
| 1:26 | Crear | Villager (Male) |
| 1:57 | Construir | Lumber Camp |
| 2:03 | Crear | Villager (Male) |
| 2:04 | Crear | Villager (Male) |
| 2:25 | Crear | Villager (Male) |
| 2:26 | Crear | Villager (Male) |
| 2:58 | Crear | Villager (Male) |
| 2:58 | Crear | Villager (Male) |
| 3:10 | Crear | Villager (Male) |
| 3:29 | Construir | House |
| 3:41 | Crear | Villager (Male) |
| 3:42 | Crear | Villager (Male) |
| 3:42 | Crear | Villager (Male) |
| 3:42 | Crear | Villager (Male) |
| 4:27 | Construir | Mill |
| 4:39 | Crear | Villager (Male) |
| 4:39 | Crear | Villager (Male) |
| 5:15 | Crear | Villager (Male) |
| 5:15 | Investigar | Loom |
| 6:17 | Investigar | Feudal Age |
| 6:54 | Crear | Villager (Male) |
| 7:07 | Construir | House |
| 7:45 | Construir | Barracks |
| 8:18 | Crear | Villager (Male) |
| 8:18 | Crear | Villager (Male) |
| 8:29 | Edad | Edad Feudal |
| 8:35 | Construir | Stable |
| 8:51 | Investigar | Double-Bit Axe |
| 9:00 | Crear | Villager (Male) |
| 9:04 | Construir | House |
| 9:08 | Construir | House |
| 9:16 | Crear | Spearman |
| 9:23 | Crear | Scout Cavalry |
| 9:23 | Crear | Scout Cavalry |
| 10:04 | Crear | Scout Cavalry |
| 10:04 | Crear | Scout Cavalry |
| 10:12 | Construir | Archery Range |
| 10:14 | Crear | Villager (Male) |
| 11:21 | Crear | Villager (Male) |
| 11:21 | Crear | Villager (Male) |
| 11:23 | Crear | Skirmisher |
| 11:24 | Crear | Skirmisher |
| 11:27 | Construir | Blacksmith |
| 11:31 | Construir | House |
| 11:35 | Crear | Spearman |
| 11:45 | Crear | Villager (Male) |
| 11:52 | Crear | Skirmisher |
| 12:07 | Crear | Villager (Male) |
| 12:17 | Construir | Palisade Wall |
| 12:19 | Construir | Palisade Gate |
| 12:23 | Construir | Palisade Wall |
| 12:28 | Crear | Villager (Male) |
| 12:34 | Crear | Skirmisher |
| 12:35 | Crear | Skirmisher |
| 12:43 | Construir | Farm |
| 12:44 | Construir | Farm |
| 12:44 | Construir | Farm |
| 12:45 | Construir | Farm |
| 12:51 | Crear | Villager (Male) |
| 13:14 | Crear | Villager (Male) |
| 13:22 | Construir | House |
| 13:25 | Construir | House |
| 13:28 | Construir | House |
| 13:32 | Construir | House |
| 13:35 | Construir | House |
| 13:37 | Construir | House |
| 13:54 | Crear | Spearman |
| 13:54 | Crear | Spearman |
| 13:57 | Crear | Skirmisher |
| 13:57 | Crear | Skirmisher |
| 14:07 | Construir | Farm |
| 14:08 | Construir | Farm |
| 14:09 | Construir | Farm |
| 14:09 | Construir | Farm |
| 14:44 | Crear | Villager (Male) |
| 14:45 | Crear | Skirmisher |
| 14:46 | Crear | Skirmisher |
| 14:52 | Construir | Archery Range |
| 15:04 | Crear | Villager (Male) |
| 15:20 | Construir | Farm |
| 15:21 | Construir | Farm |
| 15:22 | Construir | Farm |
| 15:34 | Crear | Villager (Male) |
| 15:56 | Construir | Farm |
| 15:57 | Construir | Farm |
| 15:59 | Investigar | Fletching |
| 16:13 | Construir | Lumber Camp |
| 16:25 | Crear | Skirmisher |
| 16:25 | Crear | Skirmisher |
| 16:41 | Crear | Spearman |
| 16:41 | Crear | Spearman |
| 16:51 | Construir | House |
| 16:53 | Construir | House |
| 16:58 | Construir | House |
| 17:17 | Construir | House |
| 18:01 | Crear | Villager (Male) |
| 18:07 | Construir | Farm |
| 18:08 | Construir | Farm |
| 18:09 | Construir | Farm |
| 18:12 | Construir | Farm |
| 18:12 | Construir | Farm |
| 18:45 | Crear | Spearman |
| 18:49 | Crear | Villager (Male) |
| 18:49 | Crear | Villager (Male) |
| 18:56 | Construir | Farm |
| 18:57 | Construir | Farm |
| 19:14 | Construir | Market |
| 19:18 | Construir | Market |
| 20:41 | Investigar | Castle Age |
| 20:48 | Construir | House |
| 21:00 | Construir | House |
| 21:03 | Construir | House |
| 21:06 | Construir | Palisade Wall |
| 21:09 | Construir | Palisade Gate |
| 21:18 | Investigar | Padded Archer Armor |
| 21:35 | Construir | Mining Camp |
| 22:05 | Investigar | Gold Mining |
| 22:47 | Crear | Villager (Male) |
| 22:48 | Crear | Villager (Male) |
| 22:53 | Investigar | Bloodlines |
| 23:20 | Construir | House |
| 23:21 | Edad | Edad de los Castillos |
| 23:25 | Crear | Cavalry Archer |
| 23:25 | Crear | Cavalry Archer |
| 23:25 | Crear | Cavalry Archer |
| 23:47 | Investigar | Bow Saw |
| 23:51 | Crear | Spearman |
| 23:51 | Crear | Spearman |
| 24:03 | Crear | Cavalry Archer |
| 24:03 | Crear | Cavalry Archer |
| 24:09 | Crear | Cavalry Archer |
| 24:19 | Crear | Villager (Male) |
| 24:20 | Crear | Villager (Male) |
| 24:25 | Investigar | Horse Collar |
| 24:30 | Crear | Cavalry Archer |
| 24:30 | Crear | Cavalry Archer |
| 24:47 | Investigar | Town Watch |
| 24:53 | Construir | Farm |
| 24:53 | Construir | Farm |
| 24:53 | Construir | Farm |
| 24:54 | Construir | Farm |
| 24:57 | Crear | Cavalry Archer |
| 24:57 | Crear | Cavalry Archer |
| 25:23 | Investigar | Bodkin Arrow |
Cronología de la partida
| 7:36 | yoooo147 · first_building Barracks |
| 7:45 | MAVERICK · first_building Barracks |
| 7:59 | flem · first_building Barracks |
| 8:04 | villersb · first_building Barracks |
| 8:26 | villersb · wall_segment Palisade Wall x1 |
| 8:27 | villersb · wall_segment Palisade Wall x1 |
| 8:29 | MAVERICK · age_up feudal |
| 8:35 | MAVERICK · first_building Stable |
| 8:50 | yoooo147 · age_up feudal |
| 8:55 | yoooo147 · first_building Stable |
| 9:17 | villersb · age_up feudal |
| 9:20 | villersb · first_building Archery Range |
| 9:26 | flem · age_up feudal |
| 9:32 | flem · first_building Stable |
| 9:48 | yoooo147 · wall_segment Palisade Wall x6 |
| 10:02 | flem · wall_segment Palisade Wall x17 |
| 10:12 | MAVERICK · first_building Archery Range |
| 10:22 | yoooo147 · wall_segment Palisade Wall x6 |
| 10:26 | flem · wall_segment Palisade Wall x4 |
| 10:52 | flem · wall_segment Palisade Wall x10 |
| 10:56 | flem · wall_segment Palisade Wall x6 |
| 11:07 | yoooo147 · wall_segment Palisade Wall x14 |
| 11:16 | yoooo147 · wall_segment Palisade Wall x7 |
| 12:17 | MAVERICK · wall_segment Palisade Wall x6 |
| 12:23 | MAVERICK · wall_segment Palisade Wall x1 |
| 12:48 | villersb · wall_segment Palisade Wall x3 |
| 12:49 | yoooo147 · wall_segment Palisade Wall x7 |
| 12:54 | yoooo147 · wall_segment Palisade Wall x1 |
| 13:39 | villersb · wall_segment Palisade Wall x3 |
| 13:47 | villersb · wall_segment Palisade Wall x3 |
| 14:10 | villersb · wall_segment Palisade Wall x3 |
| 15:04 | villersb · wall_segment Palisade Wall x1 |
| 15:11 | villersb · wall_segment Palisade Wall x4 |
| 15:24 | villersb · wall_segment Palisade Wall x6 |
| 16:34 | villersb · wall_segment Palisade Wall x8 |
| 19:22 | yoooo147 · age_up castle |
| 20:25 | MAVERICK · first_market_sell 100 stone |
| 20:37 | villersb · first_market_sell 100 stone |
| 21:06 | MAVERICK · wall_segment Palisade Wall x4 |
| 21:22 | flem · age_up castle |
| 23:21 | MAVERICK · age_up castle |
| 23:31 | villersb · age_up castle |
| 29:44 | MAVERICK · first_building Siege Workshop |
| 30:13 | yoooo147 · resign |
[ ANÁLISIS IA · 1 CRÉDITO ]
¿Qué pasó realmente en esta partida?
Wolo.gg analiza cada decisión: build order, eco, micro, errores típicos por bracket. Análisis personalizado por WhatsApp o Discord en 30 segundos.
Guía civ
Shu
Perfil
Jugador #968758